 Dungeon Crawl Stone Soup version 0.30.1-9-gdf580d7c3d (webtiles) character file.

Game seed: 1593996508376931909

28 lonewolfV2 the Firebug (level 2, -2/19 HPs)
             Began as a Demonspawn Fire Elementalist on Oct 24, 2023.
             Slain by a gnoll
             ... wielding a +0 halberd
              (11 damage)
             ... on level 2 of the Dungeon.
             The game lasted 00:03:25 (1775 turns).

lonewolfV2 the Firebug (DsFE)                       Turns: 1775, Time: 00:03:26

Health: -2/19      AC:  2    Str:  8    XL:     2   Next: 96%
Magic:  0/5        EV: 12    Int: 16    God:
Gold:   72         SH:  0    Dex: 13    Spells: 3/6 levels left

rFire   . . .        (no weapon)
rCold   . . .        (no shield)
rNeg    . . .        a - +0 robe
rPois   .            (no helmet)
rElec   .            (no cloak)
rCorr   .            (no gloves)
SInv    .            (no boots)
Will    .....        (no amulet)
Stlth   ++           (no ring)
HPRegen 0.23/turn    (no ring)
MPRegen 0.09/turn

%: no passive effects
@: very slightly contaminated
A: demonic touch 1
a: no special abilities


You were on level 2 of the Dungeon.
You visited 1 branch of the dungeon, and saw 2 of its levels.

You collected 72 gold pieces.

Inventory:

Armour
 a - a +0 robe (worn)
Scrolls
 c - a scroll of teleportation
 d - a scroll of enchant weapon {unknown}
Potions
 b - a potion of magic
 e - 2 potions of curing


   Skills:
 - Level 1.7 Dodging
 - Level 1.7 Stealth
 + Level 2.7 Spellcasting
 - Level 1.0 Conjurations
 + Level 3.2 Fire Magic


You had 3 spell levels left.
You knew the following spells:

 Your Spells              Type           Power      Damage    Failure   Level
a - Foxfire               Conj/Fire      36%        2x1d5     9%          1
b - Scorch                Fire           24%        2d6       8%          2

Your spell library contained the following spells:

 Spells                   Type           Power      Damage    Failure   Level
 Inner Flame              Hex/Fire       7%         N/A       30%         3
 Volatile Blastmotes      Fire/Tloc      14%        2d11      30%         3
 Flame Wave               Conj/Fire      9%         2d6       63%         4


Dungeon Overview and Level Annotations

Branches:
Dungeon (2/15)

Altars:
Yredelemnul


Innate Abilities, Weirdness & Mutations

Your touch may inflict minor irresistible damage on your foes.


Message History

Your foxfire dissipates!
The foxfire hits the gnoll.
The gnoll is lightly wounded.
The gnoll shouts!
Casting: Foxfire (safe; 9% risk of failure)
Confirm with . or Enter, or press ? or * to list all spells.
You miscast Foxfire.
You are very lightly contaminated with residual magic.
Nothing appears to happen.
Casting: Foxfire (safe; 9% risk of failure)
Confirm with . or Enter, or press ? or * to list all spells.
You conjure some foxfire!
A gnoll comes into view. It is wielding a +0 club.
The foxfire hits the gnoll.
The gnoll is moderately wounded.
The foxfire hits the gnoll.
The gnoll is severely wounded.
Your magical contamination has completely faded away.
Casting: Foxfire (safe; 9% risk of failure)
Confirm with . or Enter, or press ? or * to list all spells.
You miscast Foxfire.
You are very lightly contaminated with residual magic.
Nothing appears to happen.
The gnoll barely misses you.
A gnoll comes into view. It is wielding a +0 flail.
The gnoll attacks as you move away! The gnoll barely misses you.
Casting: Foxfire (safe; 9% risk of failure)
Confirm with . or Enter, or press ? or * to list all spells.
You conjure some foxfire!
The gnoll shouts!
The gnoll hits you with a +0 club! The gnoll barely misses you.
Your foxfire dissipates!
The gnoll attacks as you move away! The gnoll hits you with a +0 club.
The foxfire hits the gnoll.
The gnoll is severely wounded.
Casting: Foxfire (safe; 9% risk of failure)
Confirm with . or Enter, or press ? or * to list all spells.
You conjure some foxfire!
The gnoll hits you from afar with a +0 halberd!
Ouch! That really hurt!
You die...

#.# #.....# #.#
#.....# #.# ##...##
.## #.# #..## ...
#.# #..# # ##.# #.#
#..#
##$#.#.##.#######..#
.....##......gvg...#
##........g..g.@v.##
.......##.#########
#..<.....#
###.###### ##


You could see 4 gnolls.

Vanquished Creatures
  5 endoplasms
  A giant cockroach (D:1)
  3 hobgoblins (D:1)
  3 ball pythons (D:1)
  2 bats (D:1)
  2 frilled lizards (D:1)
  4 goblins
  4 kobolds (D:1)
  A rat (D:1)
25 creatures vanquished.

Vanquished Creatures (others)
  51 foxfires
51 creatures vanquished.

Grand Total: 76 creatures vanquished

Notes
Turn   | Place    | Note
-------+----------+-------------------------------------------
     0 | D:1      | lonewolfV2 the Demonspawn Fire Elementalist began the quest
                  | for the Orb.
     0 | D:1      | Reached XP level 1. HP: 13/13 MP: 3/3
   416 | D:1      | Reached skill level 3 in Fire Magic
   416 | D:1      | Gained mutation: Your touch may inflict minor irresistible
                  | damage on your foes. [demonic ancestry]
   416 | D:1      | Reached XP level 2. HP: 18/19 MP: 0/5
   590 | D:1      | Learned a level 2 spell: Scorch
   763 | D:1      | Found a faded altar of an unknown god.
   787 | D:1      | Prayed at the altar of an unknown god.
   787 | D:1      | Became a worshipper of Yredelemnul the Dark
   787 | D:1      | Reached * piety under Yredelemnul
   788 | D:1      | Fell from the grace of Yredelemnul
  1775 | D:2      | Slain by a gnoll

Illustrated notes

Levels and vault maps discovered:
D:1:      wander_arrival_chamber, layout_basic,
          ebering_ecumenical_altar_petrified, minmay_misc_feat_doors,
          solitary_fountain, minmay_misc_feat_iff
D:2:      layout_loops_ring, basic_altar, minmay_tetromino_t2, uniq_jessica

Skill      XL: |  1 |
---------------+----+-----
Fire Magic     | 3 |  3.2
Dodging        | |  1.7
Stealth        | |  1.7
Spellcasting   | |  2.7
Conjurations   | |  1.0

Action                     || total
---------------------------++-------
  Melee: Unarmed           ||    11
   Cast: Foxfire           ||    43
         Scorch            ||     7
 Invoke: Renounce Religion ||     1
    Use: Potion            ||     1
         Scroll            ||     8
 Armour: Robe              ||    11
  Dodge: Dodged            ||    48
